 Dungeon Crawl Stone Soup version 0.26-a0-639-g72c4674329 (webtiles) character file.

Game seed: 14257343542488768720

177 DogServant the Conjurer (level 5, 0/29 HPs)
             Began as a Deep Elf Conjurer on Sept 15, 2020.
             Splashed by Ijyb's acid (17 damage)
             ... on level 3 of the Dungeon.
             The game lasted 00:05:44 (3166 turns).

DogServant the Conjurer (Deep Elf Conjurer)         Turns: 3166, Time: 00:05:47

Health: 0/29       AC: -1    Str:  4    XL:     5   Next: 31%
Magic:  7/14       EV: 13    Int: 24    God:
Gold:   116        SH:  0    Dex: 13    Spells: 7/14 levels left

rFire    . . .     SeeInvis .   d - +1 dagger (venom)
rCold    . . .     Faith    .   (no shield)
rNeg     . . .     Spirit   .   a - +1 robe
rPois    .         Reflect  .   (no helmet)
rElec    .         Harm     .   (no cloak)
rCorr    .         Rampage  .   (no gloves)
MR       .....                  (no boots)
Stlth    ++........             b - amulet of inaccuracy (curse)
HPRegen  0.09/turn              (no ring)
MPRegen  0.14/turn              (no ring)

@: corroded
A: no striking features
a: no special abilities


You were on level 3 of the Dungeon.
You visited 1 branch of the dungeon, and saw 3 of its levels.

You collected 116 gold pieces.

Inventory:

Hand Weapons
 d - a +1 dagger of venom (weapon)
Armour
 a - a +1 robe (worn)
Jewellery
 b - a cursed amulet of inaccuracy (around neck)
 c - an uncursed amulet of magic regeneration
 l - an uncursed ring of poison resistance {unknown}
Scrolls
 f - a scroll of remove curse
 h - 6 scrolls of identify
 j - a scroll of magic mapping {unknown}
 k - a scroll of blinking {unknown}
Potions
 e - a potion of degeneration {unknown}
 g - 2 potions of stabbing {unknown}
 i - a potion of might {unknown}
 m - a potion of lignification {unknown}
 n - a potion of magic {unknown}


   Skills:
 + Level 1.1 Fighting
 - Level 2.4 Dodging
 + Level 2.5 Stealth
 + Level 5.2 Spellcasting
 + Level 6.0 Conjurations
 + Level 0.0 Hexes


You had 7 spell levels left.
You knew the following spells:

 Your Spells              Type           Power        Failure   Level
a - Magic Dart            Conj           ####         1%          1
b - Searing Ray           Conj           #####.       1%          2
c - Fulminant Prism       Conj/Hex       ###.......   26%         4

Your spell library contained the following spells:

 Spells                   Type           Power        Failure   Level
 Dazzling Flash           Conj/Hex       ###...       8%          3
 Iskenderun's Mystic Bla  Conj/Tloc      ###.....     26%         4


Dungeon Overview and Level Annotations

Branches:
Dungeon (3/15)

Altars:
Ashenzari

Annotations:
D:3 Ijyb


Message History

Ijyb is heavily wounded.
Casting: Magic Dart (safe; 1% risk of failure)
Confirm with . or Enter, or press ? or * to list all spells.
Aiming: Searing Ray (safe; 1% risk of failure)
Press: ? - help, Shift-Dir - straight line, f/p - Ijyb
Aim: Ijyb, wearing a +1 leather armour of fire resistance and carrying a wand of acid (8) (heavily wounded)
The searing ray hits Ijyb but does no damage.
Ijyb is heavily wounded. (Press . to maintain the ray.)
The searing ray misses Ijyb.
The searing ray hits Ijyb.
Ijyb is severely wounded.
The searing ray hits Ijyb.
Ijyb is severely wounded.
You finish channeling your searing ray.
Ijyb screams, "Die!"
Ijyb zaps a wand.
The bolt of acid hits you! The acid corrodes you!
You are splashed with acid!
Ouch! That really hurt!
You die...

#.# ..# #. ..## #.
...# #. ...# #.
...# #. ..## #.
.### #g#### ...#
#<@..# ##.# ####.#
...# #.# #..# #.#
#..# ##.# #..# #..#
#..######## #.##
#..##.....# #.#
#..##....)#######.#


You could see Ijyb.

Vanquished Creatures
  Terence (D:2)
  4 gnolls (D:2)
  5 adders (D:2)
  An ooze (D:3)
  2 worms
  A dart slug (D:2)
  A leopard gecko (D:3)
  4 giant cockroaches
  11 goblins
  7 hobgoblins
  4 jackals (D:3)
  2 kobolds
  A quokka (D:3)
  4 bats
  3 frilled lizards
  6 rats
57 creatures vanquished.

Notes
Turn   | Place    | Note
-------+----------+-------------------------------------------
     0 | D:1      | DogServant the Deep Elf Conjurer began the quest for the
                  | Orb.
     0 | D:1      | Reached XP level 1. HP: 10/10 MP: 6/6
   290 | D:1      | Reached XP level 2. HP: 15/15 MP: 5/8
   859 | D:2      | Reached skill level 5 in Conjurations
  1113 | D:2      | Found a shattered altar of Ashenzari.
  1117 | D:2      | Reached XP level 3. HP: 16/19 MP: 5/10
  1202 | D:2      | Reached XP level 4. HP: 24/24 MP: 0/12
  1314 | D:2      | Learned a level 2 spell: Searing Ray
  1319 | D:2      | Learned a level 4 spell: Fulminant Prism
  1563 | D:2      | Found a faded altar of an unknown god.
  2025 | D:2      | Noticed Terence
  2028 | D:2      | Killed Terence
  2028 | D:2      | Reached skill level 5 in Spellcasting
  2028 | D:2      | Reached XP level 5. HP: 28/28 MP: 9/14
  2351 | D:3      | Reached skill level 1 in Fighting
  2988 | D:3      | Reached skill level 6 in Conjurations
  3152 | D:3      | Noticed Ijyb
  3166 | D:3      | Splashed by Ijyb's acid

Illustrated notes

Levels and vault maps discovered:
D:1:      saegor_arrival_miasma, layout_basic, minmay_strange_pillars,
          kennysheep_minor_cross
D:2:      layout_basic, nicolae_ashenzari_panopticon,
          chequers_ecumenical_altar_simple, uniq_terence
D:3:      layout_loops_ring, uniq_ijyb

Skill      XL: |  1  2  3  4  5 |
---------------+----------------+-----
Conjurations   | 5 6 |  6.0
Spellcasting   | 4 5 |  5.2
Fighting       | 1 |  1.1
Dodging        | |  2.4
Stealth        | |  2.5

Action                   |  1- 3 |  4- 6 || total
-------------------------+-------+-------++-------
Melee: Dagger            |     8 |    21 ||    29
 Cast: Magic Dart        |    34 |    52 ||    86
       Searing Ray       |       |     7 ||     7
  Use: Scroll            |     3 |     3 ||     6
 Stab: Sleeping          |     2 |     1 ||     3
Armor: Robe              |     1 |     3 ||     4
Dodge: Dodged            |     7 |    10 ||    17

Table legend: (Time is in decaauts)
 A = Elapsed time spent in this place.
 B = Non-inter-level travel time spent in this place.
 C = Inter-level travel time spent in this place.
 D = Time resting spent in this place.
 E = Time spent auto-exploring this place.
 F = Levels seen in this place.
 G = Mean time per level.
                   A        B        C        D        E       F      G
               +--------+--------+--------+--------+--------+-----+--------+
         Total |   3165 |   3031 |    134 |    594 |   2124 |   3 | 1055.0 |
       Dungeon |   3165 |   3031 |    134 |    594 |   2124 |   3 | 1055.0 |
               +--------+--------+--------+--------+--------+-----+--------+

Top non-repeatable levels by time:
     D:2: 1590 daAuts
     D:3: 815 daAuts
     D:1: 758 daAuts
